 Dungeon Sprint DCSS version 0.30.1-11-g7821555f0a (webtiles) character file.

Game seed: 2682505647430516174

8029 Heoruswealwe the Sorcerer (level 11, -7/54 HPs)
             Began as a Deep Elf Conjurer on Dec 14, 2023.
             Was the Champion of Vehumet.
             Killed from afar by a spriggan air mage (21 damage)
             ... with a bolt of lightning
             ... in the Dungeon (Sprint V: "Ziggurat Sprint").
             The game lasted 00:20:11 (592 turns).

Heoruswealwe the Sorcerer (Deep Elf Conjurer)        Turns: 592, Time: 00:20:14

Health: -7/54      AC:  2    Str:  4    XL:     11   Next: 4%
Magic:  32/40      EV: 12    Int: 34    God:    Vehumet [******]
Gold:   0          SH:  0    Dex: 13    Spells: 28/57 levels left

rFire   x . .        b - staff of conjuration
rCold   + . .        (no shield)
rNeg    + + +        c - +0 robe
rPois   .            (no helmet)
rElec   .            (no cloak)
rCorr   +            (no gloves)
SInv    +            (no boots)
Will    .....        i - amulet of regeneration
Stlth   ++           k - ring of Etaitumece {Ice rN+++ Will- rCorr SInv}
HPRegen 1.09/turn    j - +6 ring of intelligence
MPRegen 0.27/turn

%: no teleportation
@: studying 2 skills
A: no striking features
a: Renounce Religion


You were in the Dungeon.
You worshipped Vehumet.
Vehumet was exalted by your worship.
You visited 1 branch

Inventory:

Hand Weapons
 a - the +11 Singing Sword {sonic wave}
   (You found it in the Dungeon)
 n - the +5 scythe "Finisher" {speed, execute}
   (You found it in the Dungeon)
Armour
 c - a +0 robe (worn)
Magical Staves
 b - a staff of conjuration (weapon)
Jewellery
 i - an amulet of regeneration (around neck)
 j - a +6 ring of intelligence (right hand)
 k - the ring of Etaitumece (left hand) {Ice rN+++ Will- rCorr SInv}
   (You found it in the Dungeon)

   [ring of ice]

   It enhances your ice magic.
   rF:        It makes you vulnerable to fire.
   rC:        It protects you from cold.
   rN:        It renders you almost immune to negative energy.
   SInv:      It lets you see invisible.
   rCorr:     It protects you from acid and corrosion.
   Will:      It decreases your willpower.
Wands
 l - a wand of flame (13)
 q - a wand of mindburst (23)
 r - a wand of iceblast (12)
 s - a wand of light (13)
 w - a wand of charming (4)
Scrolls
 g - 4 scrolls of blinking
 m - 4 scrolls of amnesia
 o - 5 scrolls of identify
 p - 3 scrolls of brand weapon
Potions
 d - 6 potions of heal wounds
 e - 6 potions of haste
 f - 8 potions of magic
 h - 2 potions of brilliance
 u - 4 potions of resistance
 v - 10 potions of curing
Miscellaneous
 t - a box of beasts


   Skills:
 - Level 2.4 Dodging
 - Level 2.4 Stealth
 + Level 23.8 Spellcasting
 + Level 20.7 Conjurations


You had 28 spell levels left.
You knew the following spells:

 Your Spells              Type           Power      Damage    Failure   Level
a - Magic Dart            Conj           100%       1d8       0%          1
b - Shock                 Conj/Air       100%       1d9       0%          1
c - Searing Ray           Conj           100%       2d8       0%          2
d - Dazzling Flash        Conj/Hex       100%       N/A       1%          3
e - Hailstorm             Conj/Ice       100%       3d20      1%          3
f - Stone Arrow           Conj/Erth      100%       3d13      1%          3
g - Mephitic Cloud        Conj/Pois/Air  92%        N/A       1%          3
h - Fulminant Prism       Conj/Hex       52%        3d23      1%          4
i - Iskenderun's Mystic   Conj/Tloc      100%       2d19      1%          4
j - Irradiate             Conj/Tmut      52%        3d29      1%          5

Your spell library contained the following spells:

 Spells                   Type           Power      Damage    Failure   Level
 Eringya's Noxious Bog    Tmut/Pois      20%        N/A       24%         6
 Sting                    Tmut/Pois      100%       1d8       1%          1
 Call Imp                 Summ           80%        N/A       1%          2
 Poisonous Vapours        Pois/Air       80%        N/A       1%          2
 Olgreb's Toxic Radiance  Pois           40%        N/A       1%          4
 Summon Ice Beast         Ice/Summ       57%        N/A       6%          4
 Summon Mana Viper        Hex/Summ       40%        N/A       19%         5
 Monstrous Menagerie      Summ           20%        N/A       99%         7


Dungeon Overview and Level Annotations

Branches:
Dungeon (1/1)

Altars:
Ashenzari
Cheibriados
Dithmenos
Elyvilon
Fedhas
Gozag
Hepliaklqana
Kikubaaqudgha
Makhleb
Nemelex Xobeh
Okawaru
Qazlal
Ru
Sif Muna
Trog
Uskayaw
Vehumet
Wu Jian
Xom
Yredelemnul
Zin
The Shining One
Jiyva
Lugonu


Message History

x - an amulet of reflection You drop an amulet of reflection.
l - a wand of flame (13) (gained 8 charges)
You see here a +1 quarterstaff of speed.
You see here a +2 scimitar of venom.
You see here a +1 short sword of draining.
You see here the staff of death "Rumijuef" {Contam rN+ Str+4 Int+4}.
You see here a +1 short sword of draining.
You see here a +2 scimitar of venom.
There is a transporter here.
Welcome to arena 11.
You enter the transporter and appear at another place.
A spriggan air mage, a death yak and 3 water moccasins come into view.
The death yak bellows!
You hear an angry hiss.
A yak comes into view.
You hear a roar!
You hear a shout!
Found five items.
Casting: Stone Arrow (safe; 1% risk of failure)
Confirm with . or Enter, or press ? or * to list all spells.
Aiming: Fulminant Prism (safe; 1% risk of failure)
Press: ? - help, Dir - move target You feel a surge of power!
You conjure a prism of explosive energy!
The yak bellows!
The water moccasin hisses angrily.
A fulminant prism comes into view.
Casting: Fulminant Prism (safe; 1% risk of failure)
Confirm with . or Enter, or press ? or * to list all spells.
Aiming: Fulminant Prism (safe; 1% risk of failure)
Press: ? - help, Dir - move target You feel a surge of power!
You conjure a prism of explosive energy!
A fulminant prism comes into view.
A seven-headed hydra comes into view.
The spriggan air mage casts a spell at you.
The bolt of lightning hits the water moccasin!!!
The water moccasin dies!
The bolt of lightning hits you!!!
Ouch! That really hurt!
* * * LOW HITPOINT WARNING * * *
The bolt of lightning hits you!!
You die...

▓..|)))...▓
▓..=)D):..▓...[.)"..▓
▓...SY.Y..▓....))...▓
▓....iS...▓..).).†..▓
▓.........▓....†....▓
▓..*...*..▓.........▓
▓.........▓.▓.....▓.▓
▓.▓.....▓.▓....©....▓
▓....@....▓▓▓▓▓▓▓▓▓▓▓
▓▓▓▓▓▓▓▓▓▓▓


You could see a death yak, a seven-headed hydra, a spriggan air mage (repels
missiles, ally target), a yak, 2 water moccasins and 2 friendly fulminant
prisms.

Vanquished Creatures
  A very ugly thing (D)
  A deep elf knight (D)
  3 deep elf zephyrmancers (D)
  2 deep elf pyromancers (D)
  2 naga magi (D)
  A black mamba (D)
  A rime drake (D)
  2 polar bears (D)
  2 spriggans (D)
  2 water elementals (D)
  2 nagas (D)
  3 acid dragons (D)
  4 water moccasins (D)
  2 swamp drakes (D)
  3 orc warriors (D)
  4 black bears (D)
  4 wolves (D)
  A phantom (D)
  A necrophage (D)
  An earth elemental (D)
  2 orc priests (D)
  A shadow imp (D)
  A white imp (D)
  2 ufetubi (D)
  2 orcs (D)
  2 ball python zombies (D)
  A giant cockroach simulacrum (D)
  A quokka skeleton (D)
54 creatures vanquished.

Vanquished Creatures (others)
  A water moccasin (D)
  15 fulminant prisms (D)
16 creatures vanquished.

Grand Total: 70 creatures vanquished

Notes
Turn   | Place    | Note
-------+----------+-------------------------------------------
     0 | D        | Heoruswealwe the Deep Elf Conjurer began the quest for the
                  | Orb.
     0 | D        | Reached XP level 1. HP: 10/10 MP: 6/6
     0 | D        | Found a shimmering blue altar of Sif Muna.
     0 | D        | Found a sacrificial altar of Ru.
     0 | D        | Found a bloodstained altar of Trog.
     0 | D        | Found a stormy altar of Qazlal.
     0 | D        | Found an iron altar of Okawaru.
     0 | D        | Found a sparkling altar of Nemelex Xobeh.
     0 | D        | Found a blossoming altar of Fedhas.
     0 | D        | Found the +6 Majin-Bo {spellvamp, MP+6 Int+6}
     0 | D        | Found the +27 heavy crossbow "Sniper" {heavy, Acc+∞ SInv}
     0 | D        | Found the +10 dark maul {heavy}
     0 | D        | Found the +15 Maxwell's patent armour {-Cast -Tele rElec
                  | Will+ rCorr}
     0 | D        | Found the +18 shield of the Gong {Loud rN+ Will+ rCorr
                  | EV-5}
     0 | D        | Found the +16 obsidian axe {drain, demonic, Mesm Drain Fly
                  | SInv}
     0 | D        | Found the +7 great mace "Firestarter" {flame, immolate,
                  | rFlCloud rF++}
     0 | D        | Found the +6 shillelagh "Devastator" {shatter}
     0 | D        | Found the +11 plutonium sword {Contam Stlth-}
     0 | D        | Found the +8 lance "Wyrmbane" {slay drac, rPois rF+ rC+
                  | AC+3}
     0 | D        | Found the +9 sword of Zonguldrok {reap}
     0 | D        | Found the +13 scythe of Curses {drain, curses, Drain}
     0 | D        | Found the +9 sword of Power {lifebolt}
     0 | D        | Found the +7 mace of Variability {chaos, chaos arc}
     0 | D        | Found the +11 Singing Sword {sonic wave}
     0 | D        | Found the +8 storm bow {elec, penet}
     2 | D        | Found a transporter.
     2 | D        | Found an ancient bone altar of Kikubaaqudgha.
     2 | D        | Found a viscous altar of Jiyva.
     2 | D        | Found a corrupted altar of Lugonu.
     2 | D        | Found a hazy altar of Hepliaklqana.
     2 | D        | Found a burning altar of Makhleb.
     2 | D        | Found an opulent altar of Gozag.
    23 | D        | Became a worshipper of Vehumet
    44 | D        | Reached skill level 7 in Spellcasting
    44 | D        | Reached XP level 2. HP: 15/15 MP: 6/12
    48 | D        | Learned a level 2 spell: Searing Ray
    91 | D        | Entered arena 2.
    91 | D        | Noticed a black bear
    91 | D        | Noticed a black bear
    91 | D        | Found a transporter.
    94 | D        | Killed a black bear
    95 | D        | Reached skill level 9 in Spellcasting
    95 | D        | Reached XP level 3. HP: 17/19 MP: 10/16
    95 | D        | Reached XP level 4. HP: 21/24 MP: 10/17
    97 | D        | Killed a black bear
    98 | D        | Reached skill level 11 in Spellcasting
    98 | D        | Reached skill level 10 in Conjurations
    98 | D        | Reached XP level 5. HP: 17/28 MP: 11/20
   102 | D        | Learned a level 3 spell: Dazzling Flash
   107 | D        | Learned a level 4 spell: Fulminant Prism
   112 | D        | Learned a level 4 spell: Iskenderun's Mystic Blast
   150 | D        | Entered arena 3.
   150 | D        | Noticed a deep elf zephyrmancer
   150 | D        | Noticed a deep elf zephyrmancer
   150 | D        | Noticed a deep elf knight
   150 | D        | Found a transporter.
   153 | D        | Killed a deep elf zephyrmancer
   153 | D        | Reached * piety under Vehumet
   153 | D        | Offered knowledge of Shock by Vehumet.
   153 | D        | Killed a deep elf zephyrmancer
   154 | D        | Reached skill level 16 in Spellcasting
   154 | D        | Reached XP level 6. HP: 32/32 MP: 18/27
   154 | D        | Reached XP level 7. HP: 36/36 MP: 18/28
   154 | D        | Reached XP level 8. HP: 41/41 MP: 19/30
   154 | D        | Killed a deep elf knight
   155 | D        | Reached skill level 17 in Spellcasting
   155 | D        | Reached skill level 15 in Conjurations
   157 | D        | Learned a level 1 spell: Shock
   203 | D        | Entered arena 4.
   203 | D        | Noticed a polar bear
   203 | D        | Noticed a polar bear
   203 | D        | Found a transporter.
   207 | D        | Reached ** piety under Vehumet
   207 | D        | Offered knowledge of Scorch by Vehumet.
   209 | D        | Killed a polar bear
   210 | D        | Reached skill level 18 in Spellcasting
   212 | D        | Killed a polar bear
   213 | D        | Reached XP level 9. HP: 45/45 MP: 17/33
   279 | D        | Entered arena 5.
   279 | D        | Noticed a white very ugly thing
   279 | D        | Found a transporter.
   281 | D        | Reached *** piety under Vehumet
   290 | D        | Killed a white very ugly thing
   290 | D        | Reached **** piety under Vehumet
   291 | D        | Reached skill level 19 in Spellcasting
   348 | D        | Entered arena 6.
   348 | D        | Found the +5 scythe "Finisher" {speed, execute}
   348 | D        | Found a transporter.
   351 | D        | Offered knowledge of Hailstorm by Vehumet.
   357 | D        | Learned a level 3 spell: Hailstorm
   382 | D        | Entered arena 7.
   382 | D        | Noticed a rime drake
   386 | D        | Offered knowledge of Stone Arrow by Vehumet.
   386 | D        | Reached ***** piety under Vehumet
   386 | D        | Killed a rime drake
   387 | D        | Reached skill level 20 in Spellcasting
   391 | D        | Learned a level 3 spell: Stone Arrow
   391 | D        | Found a transporter.
   399 | D        | Got the ring of Etaitumece {Ice rN+++ Will- rCorr SInv}
   408 | D        | Entered arena 8.
   408 | D        | Noticed a deep elf zephyrmancer
   408 | D        | Noticed a deep elf pyromancer
   408 | D        | Noticed a deep elf pyromancer
   411 | D        | Killed a deep elf zephyrmancer
   411 | D        | Offered knowledge of Irradiate by Vehumet.
   412 | D        | Reached skill level 21 in Spellcasting
   412 | D        | Reached XP level 10. HP: 31/50 MP: 31/37
   415 | D        | Killed a deep elf pyromancer
   415 | D        | Reached ****** piety under Vehumet
   417 | D        | Killed a deep elf pyromancer
   418 | D        | Reached skill level 22 in Spellcasting
   425 | D        | Learned a level 5 spell: Irradiate
   425 | D        | Found a transporter.
   498 | D        | Entered arena 9.
   501 | D        | Offered knowledge of Eringya's Noxious Bog by Vehumet.
   505 | D        | Found a transporter.
   528 | D        | Learned a level 3 spell: Mephitic Cloud
   529 | D        | Entered arena 10.
   529 | D        | Found the +8 Wrath of Trog {antimagic, *Rage Rampage}
   535 | D        | Found a transporter.
   556 | D        | Entered arena 11.
   556 | D        | Noticed a naga mage
   556 | D        | Noticed a black mamba
   556 | D        | Noticed a naga mage
   559 | D        | Killed a black mamba
   560 | D        | Reached skill level 23 in Spellcasting
   560 | D        | Killed a naga mage
   562 | D        | Reached XP level 11. HP: 42/54 MP: 38/40
   563 | D        | Found a transporter.
   590 | D        | Entered arena 12.
   590 | D        | Noticed a spriggan air mage
   590 | D        | Noticed a death yak
   592 | D        | Noticed a seven-headed hydra
   592 | D        | Killed from afar by a spriggan air mage

Illustrated notes

Levels and vault maps discovered:
D:        sprint_v [room_start, room_1, room_2, room_3, room_4, room_5, room_6,
          room_7, room_8, room_9, room_10, room_11, room_12, room_13, room_14,
          room_15, room_16, room_17, room_18, room_19, room_20, room_21,
          room_22, room_23, room_24, room_25, room_26, room_27]

Skill      XL: |  1  2  3  4  5  6  7  8  9 10 |
---------------+-------------------------------+-----
Spellcasting   | 7 9 11 16 18 21 23 | 23.8
Conjurations   | 7 9 10 14 16 18 20 | 20.7
Dodging        | |  2.4
Stealth        | |  2.4

Action                     |  1- 3 |  4- 6 |  7- 9 | 10-12 || total
---------------------------+-------+-------+-------+-------++-------
  Melee: Double sword      |     1 |     4 |       |       ||     5
   Cast: Searing Ray       |     1 |       |     3 |       ||     4
         Iskenderun's Myst |       |     1 |    10 |     3 ||    14
         Fulminant Prism   |       |       |     7 |    10 ||    17
         Stone Arrow       |       |       |       |     7 ||     7
    Use: Potion            |     1 |       |     2 |     2 ||     5
 Armour: Robe              |       |     2 |       |       ||     2
  Dodge: Dodged            |     2 |     2 |       |       ||     4
